 Dungeon Crawl Stone Soup version 0.31-a0-640-g39d97e502b (webtiles) character file.

Game seed: 2785422829764925213

2505 qw the Skirmisher (level 9, -1/57 HPs)
             Began as a Gargoyle Hunter on Aug 27, 2023.
             Was an Initiate of Okawaru.
             Slain by a wight
             ... wielding a +3 mace
              (4 damage)
             ... on level 8 of the Dungeon.
             The game lasted 00:03:01 (6541 turns).

qw the Skirmisher (Gargoyle Hunter)                 Turns: 6541, Time: 00:03:01

Health: -1/57      AC: 18    Str: 14    XL:     9   Next: 53%
Magic:  9/9        EV: 11    Int: 11    God:    Okawaru [......]
Gold:   362        SH:  0    Dex: 17    Spells: 8/8 levels left

rFire   . . .        Y - +1 shortbow (chaos)
rCold   . . .        (shield currently unavailable)
rNeg    + . .        g - +0 ring mail
rPois   inf          e - +1 helmet
rElec   +            d - +0 cloak
rCorr   .            b - +2 pair of gloves
SInv    .            (no boots)
Will    .....        (no amulet)
Stlth   +            (no ring)
HPRegen 0.29/turn    (no ring)
MPRegen 0.11/turn

%: no passive effects
@: about to teleport
A: sickness immunity, AC +6, negative energy resistance 1, electricity
resistance, torment resistance 1, petrification resistance
a: Renounce Religion


You were on level 8 of the Dungeon.
You worshipped Okawaru.
Okawaru was noncommittal.
You visited 2 branches of the dungeon, and saw 9 of its levels.
You also visited: Ossuary.

You collected 362 gold pieces.


Innate Abilities, Weirdness & Mutations

You are immune to sickness and miasma.
Your stone body is resilient. (AC +6)
You are immune to poison.
You resist negative energy. (rN+)
You are resistant to electric shocks. (rElec)
You are resistant to unholy torment.
You are immune to petrification.


   Skills:
 - Level 7.0 Fighting
 - Level 11.0 Ranged Weapons
 - Level 3.5 Armour
 + Level 2.2 Dodging
 - Level 1.1 Stealth


You had 8 spell levels left.
You didn't know any spells.
Your spell library was empty.

Inventory:

Hand Weapons
 Y - a +1 shortbow of chaos (weapon)
Armour
 b - a +2 pair of gloves (worn)
 d - a +0 cloak (worn)
 e - a +1 helmet (worn)
 g - a +0 ring mail (worn)
Wands
 c - a wand of digging (1)
Scrolls
 h - a scroll of identify
 k - a scroll of teleportation
Potions
 a - 2 potions of enlightenment
 f - 3 potions of haste
 j - 2 potions of mutation
 l - a potion of cancellation
 n - a potion of might {unknown}

Dungeon Overview and Level Annotations

Branches:
Dungeon (8/15)             Temple (1/1) D:7         Ossuary (visited)
   Lair: D:8-11

Altars:
Ashenzari
Cheibriados
Dithmenos
Elyvilon
Fedhas
Gozag
Hepliaklqana
Kikubaaqudgha
Makhleb
Okawaru
Qazlal
Ru
Sif Muna
Uskayaw
Vehumet
Wu Jian
Xom
Yredelemnul
Zin

Shops:
D:4 [

Annotations:
D:6 2 runed translucent doors


Message History

You shoot an arrow. The arrow completely misses the wight.
The arrow barely misses the wight.
The wight hits you with a +3 mace!
The wight hits you but does no damage. x2
You shoot an arrow. The arrow barely misses the wight.
The arrow hits the wight.
The wight convulses.
The wight is severely damaged.
The wight closely misses you. x2
The wight hits you with a +0 long sword.
You shoot an arrow. The arrow hits the wight.
The wight is heavily damaged.
The wight hits you with a +3 mace! The wight barely misses you.
The wight hits you but does no damage.
You shoot an arrow.
The arrow hits the wight but does no damage.
The wight is heavily damaged.
The wight hits you with a +3 mace.
The wight hits you from afar with a +0 halberd.
The wight closely misses you.
You shoot an arrow. The arrow hits the wight.
The arrow burns the wight.
The wight is almost destroyed.
The wight hits you with a +3 mace. The wight hits you but does no damage.
The wight closely misses you.
You shoot an arrow. The arrow barely misses the wight.
The arrow hits the wight.
You destroy the wight!
Okawaru accepts your kill. The wight hits you with a +3 mace!
The wight hits you with a +0 long sword.
Your Ranged Weapons skill increases to level 11!
6539 ||| READING 2 scrolls of teleportation.
As you read the scroll of teleportation, it crumbles to dust.
You feel strangely unstable. The wight closely misses you. x2
You shoot an arrow. The arrow hits the wight.
You destroy the wight!
Okawaru accepts your kill. The wight hits you but does no damage.
You shoot an arrow. The arrow hits the wight.
The arrow burns the wight.
The wight is severely damaged.
The wight hits you with a +3 mace.
You die...

#....# #...z#
###....#
######......# .
.......<..z# ..
...........######...
#...................
#.$........##z......
#.........oo@.###
...........####
.#######..## #..##
...## ..## ##


You could see a wight and 2 orc priests.

Vanquished Creatures
  Sigmund (D:2)
  A steam dragon (D:7)
  2 sky beasts
  An ice beast (D:6)
  An ogre (D:7)
  3 phantoms
  A scorpion (D:5)
  6 wights
  3 howler monkeys (D:7)
  4 hounds
  2 human zombies (Ossuary)
  2 jellies
  3 orc priests
  8 iguanas
  12 orc wizards
  3 mummies (Ossuary)
  Robin (D:3)
  7 gnolls
  4 adders
  A shadow imp (D:6)
  An ufetubus (D:4)
  4 adder zombies (Ossuary)
  2 worms
  A dart slug (D:5)
  28 orcs
  3 endoplasms
  3 giant cockroaches
  11 goblins
  8 hobgoblins
  7 jackals (D:2)
  9 kobolds
  3 quokkas (D:2)
  6 ball pythons
  A bat (D:3)
  A frilled lizard (D:2)
  3 hobgoblin zombies (Ossuary)
  3 kobold zombies (Ossuary)
  An orc zombie (Ossuary)
  4 quokka zombies (Ossuary)
  5 rats
  A rat zombie (Ossuary)
171 creatures vanquished.

Vanquished Creatures (others)
  An adder (D:6)
1 creature vanquished.

Grand Total: 172 creatures vanquished

Notes
Turn   | Place    | Note
-------+----------+-------------------------------------------
     0 | D:1      | qw the Gargoyle Hunter began the quest for the Orb.
     0 | D:1      | Reached XP level 1. HP: 12/12 MP: 1/1
     0 | D:1      | 0 ||| qw: Version: 0.3-a-74-g0d5e918
     0 | D:1      | 0 ||| qw: Game counter: 48
     0 | D:1      | 0 ||| qw: Melee chars always use a shield: true
     0 | D:1      | 0 ||| qw: God list: Okawaru
     0 | D:1      | 0 ||| qw: Allow faded altars: false
     0 | D:1      | 0 ||| qw: Do Orc after clearing Dungeon:15 true
     0 | D:1      | 0 ||| qw: Do second Lair branch before Depths: true
     0 | D:1      | 0 ||| qw: Lair rune preference: random
     0 | D:1      | 0 ||| qw: Goals: Normal
     0 | D:1      | 0 ||| PLANNING D:1-11
   204 | D:1      | Reached XP level 2. HP: 17/17 MP: 2/2
   591 | D:1      | 591 ||| UPGRADING to +0 pair of gloves.
   596 | D:1      | 596 ||| READING scroll labelled IHULOE TYVOF ZUTIA.
   597 | D:1      | 597 ||| READING scroll labelled TAIWKE QYANG.
   598 | D:1      | 598 ||| READING 2 scrolls labelled CAOMIPHALOPH.
   599 | D:1      | 599 ||| READING scroll labelled POUGUZUPPU.
   600 | D:1      | 600 ||| READING scroll labelled OXZOYQU ZUAL.
   601 | D:1      | 601 ||| DROPPING scroll of butterflies.
   602 | D:1      | 602 ||| DROPPING scroll of fear.
   646 | D:2      | 646 ||| STAIRDANCE
   655 | D:2      | 655 ||| STAIRDANCE
   679 | D:2      | 679 ||| STAIRDANCE
   683 | D:2      | 683 ||| STAIRDANCE
   687 | D:2      | 687 ||| STAIRDANCE
   691 | D:2      | 691 ||| STAIRDANCE
   695 | D:2      | 695 ||| STAIRDANCE
   699 | D:2      | 699 ||| STAIRDANCE
   703 | D:2      | 703 ||| STAIRDANCE
   707 | D:2      | 707 ||| STAIRDANCE
   711 | D:2      | 711 ||| STAIRDANCE
   715 | D:2      | 715 ||| STAIRDANCE
   719 | D:2      | 719 ||| STAIRDANCE
   723 | D:2      | 723 ||| STAIRDANCE
   727 | D:2      | 727 ||| STAIRDANCE
   731 | D:2      | 731 ||| STAIRDANCE
   735 | D:2      | 735 ||| STAIRDANCE
   739 | D:2      | 739 ||| STAIRDANCE
   743 | D:2      | 743 ||| STAIRDANCE
   747 | D:2      | 747 ||| STAIRDANCE
   787 | D:2      | Noticed Sigmund
   800 | D:2      | Killed Sigmund
   801 | D:2      | Reached skill level 6 in Ranged Weapons
   801 | D:2      | Reached XP level 3. HP: 8/21 MP: 3/3
   801 | D:2      | Reached XP level 4. HP: 10/26 MP: 4/4
   801 | D:2      | Reached XP level 5. HP: 12/30 MP: 5/5
   947 | D:2      | Reached skill level 3 in Fighting
  1037 | D:2      | Reached XP level 6. HP: 37/37 MP: 6/6
  1114 | D:2      | Reached skill level 1 in Armour
  1191 | D:2      | Found a glowing silver altar of Zin.
  1765 | D:2      | 1765 ||| UPGRADING to +2 pair of gloves.
  1775 | D:2      | 1775 ||| DROPPING +0 pair of gloves.
  1776 | D:2      | 1776 ||| READING scroll labelled RURUIDW WIES.
  1777 | D:2      | 1777 ||| READING scroll labelled ODAJERGHADO.
  1780 | D:2      | 1780 ||| READING scroll labelled KADUEWEFENN.
  1781 | D:2      | 1781 ||| DRINKING 2 bubbling purple potions.
  1782 | D:2      | 1782 ||| DRINKING 2 pink potions.
  1783 | D:2      | 1783 ||| DRINKING 2 fizzy coppery potions.
  1784 | D:2      | 1784 ||| DROPPING potion of degeneration.
  1811 | D:3      | 1811 ||| DRINKING potion of curing.
  1811 | D:3      | 1811 ||| (to cure confusion)
  1892 | D:3      | You fall into a shaft and drop 1 floor!
  1978 | D:3      | Noticed Robin
  1986 | D:3      | Killed Robin
  2249 | D:3      | Found an ornate altar of the Wu Jian Council.
  2267 | D:3      | Reached skill level 7 in Ranged Weapons
  2385 | D:3      | Found a stormy altar of Qazlal.
  2642 | D:3      | 2642 ||| UPGRADING to +0 helmet.
  2647 | D:3      | 2647 ||| UPGRADING to +0 ring mail.
  2657 | D:3      | 2657 ||| DROPPING +0 leather armour.
  2658 | D:3      | 2658 ||| READING scroll labelled QOMAIR PIONU.
  2723 | D:4      | 2723 ||| Stepping ~*~*~tactically~*~*~ (retreating).
  2724 | D:4      | 2724 ||| Stepping ~*~*~tactically~*~*~ (retreating).
  2726 | D:4      | 2726 ||| Stepping ~*~*~tactically~*~*~ (retreating).
  2727 | D:4      | 2727 ||| Stepping ~*~*~tactically~*~*~ (retreating).
  2879 | D:4      | Reached XP level 7. HP: 42/43 MP: 7/7
  2936 | D:4      | Found a sacrificial altar of Ru.
  3145 | D:4      | Found Bituum's Armour Shoppe.
  3155 | D:4      | 3155 ||| SHOPLISTING +2 leather armour of cold resistance
                  | (228 gold, have 217).
  3568 | D:4      | 3568 ||| READING 3 scrolls of identify.
  3568 | D:4      | 3568 ||| IDENTIFYING viscous clear potion
  3569 | D:4      | 3569 ||| READING 2 scrolls of identify.
  3569 | D:4      | 3569 ||| IDENTIFYING fuming grey potion
  3570 | D:4      | 3570 ||| DROPPING potion of magic.
  3584 | D:5      | Entered Level 5 of the Dungeon
  3626 | D:5      | Found a hide-covered altar of Uskayaw.
  3640 | D:5      | Reached skill level 8 in Ranged Weapons
  4185 | D:5      | Found a glowing silver altar of Zin.
  4185 | D:5      | Noticed an angel
  4513 | D:5      | 4513 ||| READING scroll labelled RUTOG HEUPPONK.
  4524 | D:6      | 4524 ||| PLANNING OSSUARY
  4524 | D:6      | 4524 ||| STAIRDANCE
  4528 | D:5      | 4528 ||| DRINKING 4 potions of curing.
  4528 | D:5      | 4528 ||| (to cure confusion)
  4531 | D:5      | Reached XP level 8. HP: 48/49 MP: 8/8
  4535 | D:6      | 4535 ||| STAIRDANCE
  4537 | D:6      | 4537 ||| STAIRDANCE
  4539 | D:6      | 4539 ||| STAIRDANCE
  4541 | D:6      | 4541 ||| DRINKING 3 potions of curing.
  4541 | D:6      | 4541 ||| (to cure confusion)
  4551 | D:6      | 4551 ||| STAIRDANCE
  4553 | D:6      | 4553 ||| STAIRDANCE
  4555 | D:5      | 4555 ||| DRINKING 2 potions of curing.
  4555 | D:5      | 4555 ||| (to cure confusion)
  4721 | D:6      | Found a sand-covered staircase.
  4727 | Ossuary  | Entered an ossuary
  4930 | Ossuary  | Reached skill level 9 in Ranged Weapons
  4982 | Ossuary  | 4982 ||| READING scroll of enchant armour.
  4982 | Ossuary  | 4982 ||| ENCHANTING +0 helmet.
  4994 | Ossuary  | 4994 ||| READING scroll labelled ZUTIKL FIVVALY.
  5029 | Ossuary  | 5029 ||| READING scroll labelled KUSEMM MAUPLOM.
  5030 | Ossuary  | 5030 ||| DRINKING 2 cyan potions.
  5031 | Ossuary  | 5031 ||| READING 2 scrolls of identify.
  5031 | Ossuary  | 5031 ||| IDENTIFYING fizzy sapphire potion
  5036 | D:6      | 5036 ||| PLANNING D:1-11
  5107 | D:6      | Found a shadowy altar of Dithmenos.
  5107 | D:6      | Noticed a shadow
  5110 | D:6      | Found a hazy altar of Hepliaklqana.
  5141 | D:6      | Found a large runed translucent door.
  5143 | D:6      | Found a large runed translucent door.
  5160 | D:6      | Reached skill level 6 in Fighting
  5413 | D:6      | Found a shimmering blue altar of Sif Muna.
  5564 | D:6      | 5564 ||| DRINKING 3 metallic yellow potions.
  5650 | D:6      | 5650 ||| DROPPING 2 potions of lignification.
  5671 | D:7      | 5671 ||| Stepping ~*~*~tactically~*~*~ (outnumbered).
  5681 | D:7      | 5681 ||| DRINKING 3 potions of curing.
  5681 | D:7      | 5681 ||| (to cure confusion)
  5694 | D:7      | Reached skill level 10 in Ranged Weapons
  5694 | D:7      | 5694 ||| DRINKING 2 potions of curing.
  5694 | D:7      | 5694 ||| (to cure confusion)
  5698 | D:7      | 5698 ||| DRINKING potion of curing.
  5698 | D:7      | 5698 ||| (to cure confusion)
  5723 | D:7      | Reached XP level 9. HP: 43/56 MP: 9/9
  5727 | D:7      | 5727 ||| FLEEEEING.
  5728 | D:7      | 5728 ||| FLEEEEING.
  5729 | D:7      | 5729 ||| FLEEEEING.
  5730 | D:7      | 5730 ||| STAIRDANCE
  5794 | D:7      | Reached skill level 3 in Armour
  5794 | D:7      | 5794 ||| STAIRDANCE
  5929 | D:7      | 5929 ||| READING scroll of brand weapon.
  5929 | D:7      | 5929 ||| BRANDING +1 shortbow of freezing.
  5958 | D:7      | 5958 ||| RETREATING.
  6154 | D:7      | Found a staircase to the Ecumenical Temple.
  6155 | D:7      | 6155 ||| PLANNING TEMPLE
  6155 | D:7      | 6155 ||| UPGRADING to +0 cloak.
  6160 | D:7      | 6160 ||| READING 3 scrolls labelled OGUETO POIN.
  6161 | D:7      | 6161 ||| DROPPING 2 scrolls of immolation.
  6176 | Temple   | Entered the Ecumenical Temple
  6177 | Temple   | 6177 ||| PLANNING OKAWARU WORSHIP
  6205 | Temple   | Became a worshipper of Warmaster Okawaru
  6206 | Temple   | 6206 ||| PLANNING D:1-11
  6423 | D:7      | 6423 ||| RETREATING.
  6477 | D:7      | 6477 ||| READING scroll labelled ENUDEL DILIYL.
  6514 | D:8      | 6514 ||| Stepping ~*~*~tactically~*~*~ (retreating).
  6516 | D:8      | 6516 ||| RETREATING.
  6521 | D:8      | 6521 ||| RETREATING.
  6522 | D:8      | 6522 ||| Stepping ~*~*~tactically~*~*~ (retreating).
  6526 | D:8      | 6526 ||| Stepping ~*~*~tactically~*~*~ (outnumbered).
  6538 | D:8      | HP: 6/57 [wight/+3 mace (9)]
  6538 | D:8      | HP: 2/57 [wight/+0 long sword (4)]
  6539 | D:8      | Reached skill level 11 in Ranged Weapons
  6539 | D:8      | 6539 ||| READING 2 scrolls of teleportation.
  6541 | D:8      | Slain by a wight

Levels and vault maps discovered:
D:1:      dpeg_arrival_connections, layout_basic
D:2:      layout_basic, basic_altar, nicolae_grassy_gnolls, uniq_sigmund
D:3:      layout_basic, mainiacjoe_overflow_brackets, grunt_qazlal_clouds,
          item_on_display_a, uniq_robin
D:4:      nicolae_BIG_FREAKIN_CUBE, layout_cave_pods, lemuel_crystal_altar,
          serial_shops, nicolae_shop_scrapyard, chequers_mini_garden,
          amethyst_killhole
D:5:      layout_basic, mainiacjoe_overflow_24_doors, zin_angel,
          hangedman_abyss_or_decor_stagger
D:6:      layout_rooms, led_sif_pool, riverfiend_overflow_shadow_ancestor,
          jmf_multi_god_temple2, nicolae_ossuary_entry_plus
D:7:      layout_rooms, temple_statues
D:8:      layout_rooms, serial_shops, shop
Temple:   grunt_temple_mini_profane

Skill      XL: |  1  2  3  4  5  6  7  8  9 |
---------------+----------------------------+-----
Ranged Weapons | 6 7 8 10 11 | 11.0
Fighting       | 3 4 5 6 7 |  7.0
Armour         | 2 3 |  3.5
Dodging        | 2 |  2.2
Stealth        | |  1.1

Action                     |  1- 3 |  4- 6 |  7- 9 || total
---------------------------+-------+-------+-------++-------
   Fire: Shortbow          |    64 |   184 |   443 ||   691
    Use: Scroll            |     5 |     4 |    11 ||    20
         Potion            |       |     4 |     8 ||    12
 Armour: Leather armour    |     7 |    14 |       ||    21
         Ring mail         |       |    19 |   192 ||   211
  Dodge: Dodged            |    15 |    49 |   127 ||   191

Table legend:
 A = Non-vault XP
 B = Vault XP
 C = Vault XP percentage of total XP
 D = Non-vault monster count
 E = Vault monster count
 F = Vault count percentage of total count
                 A         B        C        D         E       F
            +---------+---------+-------+---------+---------+-------
      Total |    3106 |     473 |  13.2 |     137 |      34 |  19.9
            +---------+---------+-------+---------+---------+-------
        D:1 |      23 |       0 |   0.0 |      14 |       0 |   0.0
        D:2 |      48 |     266 |  84.7 |      25 |       4 |  13.8
        D:3 |     152 |      30 |  16.5 |      18 |       9 |  33.3
        D:4 |     172 |       0 |   0.0 |      14 |       0 |   0.0
        D:5 |     577 |       0 |   0.0 |      16 |       0 |   0.0
        D:6 |     699 |       0 |   0.0 |      21 |       0 |   0.0
        D:7 |    1285 |       0 |   0.0 |      25 |       0 |   0.0
        D:8 |     150 |       0 |   0.0 |       4 |       0 |   0.0
    Ossuary |       0 |     177 | 100.0 |       0 |      21 | 100.0
            +---------+---------+-------+---------+---------+-------
